 Dungeon Crawl Stone Soup version 0.29.0-4-gdea44cf6ec (webtiles) character file.

Game seed: 2333787861800503581

6527 qw the Cleaver (level 11, 0/85 (86) HPs)
             Began as a Formicid Cinder Acolyte on Sept 3, 2022.
             Was a Believer of Ignis.
             Slain by a boulder beetle (20 damage)
             ... on level 9 of the Dungeon.
             The game lasted 00:05:07 (10383 turns).

qw the Cleaver (Formicid Cinder Acolyte)           Turns: 10383, Time: 00:05:07

HP:   0/85 (86)     AC: 20    Str: 24    XL:     11   Next: 20%
MP:   12/12         EV: 13    Int: 13    God:    Ignis [**....]
Gold: 359           SH:  9    Dex:  9    Spells: 12/12 levels left

rFire   + . .      SeeInvis +   m - +1 battleaxe
rCold   + . .      Faith    .   k - +0 kite shield
rNeg    . . .      Spirit   .   i - +3 scale mail {rC+}
rPois   .          Reflect  .   (helmet unavailable)
rElec   .          Harm     .   (no cloak)
rCorr   .          Rampage  .   (no gloves)
Will    +....                   (no boots)
Stlth   ..........              (no amulet)
HPRegen 0.24/turn               h - +4 ring of protection
MPRegen 0.13/turn               j - +4 ring of evasion

@: lethally poisoned (0 -> -4), fiery-armoured, lightly drained
A: permanent stasis, dig shafts and tunnels, antennae 3, four strong arms
a: Dig, Shaft Self, Renounce Religion, Fiery Armour, Foxfire Swarm, Rising Flame


You were on level 9 of the Dungeon.
You worshipped Ignis.
Ignis was pleased with you.
You visited 1 branch of the dungeon, and saw 9 of its levels.

You collected 359 gold pieces.


Innate Abilities, Weirdness & Mutations

You cannot be hasted, slowed, berserked, paralysed or teleported.
You can dig through walls and to a lower floor.
You have a pair of large antennae on your head. (SInv)
Your four strong arms can wield two-handed weapons with a shield.


   Skills:
 - Level 8.0 Fighting
 - Level 13.2 Axes
 - Level 1.0 Throwing
 - Level 3.1 Armour
 - Level 2.2 Dodging
 + Level 7.7 Shields
 - Level 1.1 Spellcasting
 - Level 3.0 Fire Magic


You had 12 spell levels left.
You didn't know any spells.
Your spell library contained the following spells:

 Spells                   Type           Power      Damage    Failure   Level
 Scorch                   Fire           16%        2d5       52%         2

Inventory:

Hand Weapons
 m - a +1 battleaxe (weapon)
 n - a -1 hand axe of flaming
Missiles
 c - 4 boomerangs (quivered)
Armour
 e - a +0 chain mail
 i - a +3 scale mail of cold resistance (worn)
 k - a +0 kite shield (worn)
Jewellery
 h - a +4 ring of protection (left hand)
 j - a +4 ring of evasion (right hand)
 o - an amulet of guardian spirit
Scrolls
 a - 3 scrolls of identify
 l - 3 scrolls of enchant armour
Potions
 b - 2 potions of curing
 d - a potion of resistance
 f - a potion of haste
 g - 2 potions of might

Dungeon Overview and Level Annotations

Branches:
Dungeon (9/15)             Temple (0/1) D:6
   Lair: D:8-11         Orc: D:9-12

Altars:
Gozag
Nemelex Xobeh
Okawaru
Ru
Uskayaw
Wu Jian
Yredelemnul

Shops:
D:3 :   D:6 [

Annotations:
D:3 2 runed translucent doors
D:4 4 runed translucent doors
D:6 3 runed translucent doors, qw's ghost, novice TrCA


Message History

The boulder beetle is moderately wounded.
You miss the water moccasin.
The water moccasin bites you but does no damage.
The water moccasin is burned by your cloak of flames.
The water moccasin is lightly wounded.
You block the boulder beetle's attack. You block the water moccasin's attack.
You hit the boulder beetle.
The boulder beetle is moderately wounded.
You closely miss the water moccasin. The boulder beetle bites you.
The boulder beetle is burned by your cloak of flames.
The boulder beetle is heavily wounded.
The water moccasin misses you. You block the boulder beetle's attack.
The water moccasin bites you.
You are poisoned.
The water moccasin poisons you!
The water moccasin is burned by your cloak of flames.
The water moccasin is moderately wounded.
You hit the boulder beetle but do no damage.
The boulder beetle is heavily wounded.
You slash the water moccasin!
You feel very sick. The water moccasin barely misses you.
The boulder beetle bites you but does no damage.
You slash the boulder beetle!
The boulder beetle is severely wounded.
You barely miss the water moccasin.
You feel sick. You block the water moccasin's attack.
The boulder beetle bites you!
The boulder beetle is burned by your cloak of flames.
The boulder beetle is severely wounded.
The water moccasin bites you.
The water moccasin is burned by your cloak of flames.
The water moccasin is severely wounded.
You hit the boulder beetle.
The boulder beetle is severely wounded.
You closely miss the water moccasin.
You feel sick. The water moccasin barely misses you.
The boulder beetle bites you!!
You die...

######.......#.........
#.......#.###.....
#.......#.........
#..........#....(.
#......###.# ###..
#..........#......
#.......#).(..#
.......#.###.#
..../0.#B@SW.#
.......)..#..$..#
......###?#[###.# .....
..#.. .... #..)S.# ...
#.###$# .. #. W# . ..
K! ##


You could see a boulder beetle, a water moccasin and a shadow (invisible).

Vanquished Creatures
  A boulder beetle (D:9)
  Pikel (D:8)
  A komodo dragon (D:8)
  A troll (D:9)
  A hornet (D:9)
  Sigmund (D:4)
  10 yaks
  2 steam dragons (D:7)
  Menkaure (D:4)
  2 water moccasins (D:7)
  An orc warrior (D:8)
  A black bear (D:6)
  2 ogres
  A centaur (D:8)
  A lemure (D:8)
  5 phantoms
  A gnoll sergeant (D:8)
  3 bullfrogs
  2 necrophages (D:7)
  2 scorpions
  9 wights
  A killer bee (D:9)
  An orc priest (D:8)
  4 hounds
  Ijyb (D:3)
  8 orc wizards
  5 iguanas
  10 gnolls
  10 adders
  2 shadow imps
  2 white imps (D:6)
  A worm (D:4)
  2 dart slugs
  16 orcs
  9 bats
  9 endoplasms
  4 giant cockroaches
  7 goblins
  4 hobgoblins
  2 jackals (D:4)
  10 kobolds
  6 quokkas
  10 ball pythons
  3 frilled lizards
  4 rats
180 creatures vanquished.

Notes
Turn   | Place    | Note
-------+----------+-------------------------------------------
     0 | D:1      | qw the Formicid Cinder Acolyte began the quest for the Orb.
     0 | D:1      | Reached XP level 1. HP: 18/18 MP: 2/2
     0 | D:1      | 0 ||| qw: Version: 0.1-a-102-g441f92d
     0 | D:1      | 0 ||| qw: Game counter: 5264
     0 | D:1      | 0 ||| qw: Always use a shield: true
     0 | D:1      | 0 ||| qw: God list: Okawaru
     0 | D:1      | 0 ||| qw: Allow faded altars: false
     0 | D:1      | 0 ||| qw: Do Orc after D:15 true
     0 | D:1      | 0 ||| qw: Do second Lair branch before Depths: true
     0 | D:1      | 0 ||| qw: Lair rune preference: random
     0 | D:1      | 0 ||| qw: Plans: Normal
     0 | D:1      | 0 ||| PLANNING D:1-11
   188 | D:1      | Reached XP level 2. HP: 24/24 MP: 3/3
   932 | D:1      | 932 ||| Stepping ~*~*~tactically~*~*~ (hiding).
  1120 | D:1      | Reached skill level 4 in Axes
  1120 | D:1      | Reached XP level 3. HP: 23/29 MP: 4/4
  1396 | D:1      | 1396 ||| UPGRADING to +0 chain mail.
  1406 | D:1      | 1406 ||| DROPPING +0 robe.
  1407 | D:1      | 1407 ||| READING scroll labelled EDICUIRICH.
  1408 | D:1      | 1408 ||| READING scroll labelled MIGHYI EDGHATSE.
  1409 | D:1      | 1409 ||| DRINKING 2 purple potions.
  1504 | D:2      | Reached skill level 1 in Armour
  1629 | D:2      | 1629 ||| Stepping ~*~*~tactically~*~*~ (stealth).
  1632 | D:2      | 1632 ||| STAIRDANCE
  1639 | D:1      | 1639 ||| READING scroll labelled ZIAMPE OZITALIE.
  1779 | D:2      | Reached XP level 4. HP: 35/35 MP: 5/5
  2178 | D:2      | 2178 ||| READING scroll labelled AWERAMI VANUDAST.
  2179 | D:2      | 2179 ||| READING 3 scrolls of identify.
  2179 | D:2      | 2179 ||| IDENTIFYING ruby potion
  2180 | D:2      | 2180 ||| READING 2 scrolls of identify.
  2180 | D:2      | 2180 ||| IDENTIFYING cyan potion
  2181 | D:2      | 2181 ||| DROPPING potion of berserk rage.
  2310 | D:3      | 2310 ||| INVOKING Fiery Armour.
  2530 | D:3      | Found a faded altar of an unknown god.
  2531 | D:3      | 2531 ||| Stepping ~*~*~tactically~*~*~ (stealth).
  2598 | D:3      | 2598 ||| Stepping ~*~*~tactically~*~*~ (stealth).
  2638 | D:3      | Noticed Ijyb
  2639 | D:3      | 2639 ||| Stepping ~*~*~tactically~*~*~ (hiding).
  2640 | D:3      | 2640 ||| Stepping ~*~*~tactically~*~*~ (hiding).
  2642 | D:3      | 2642 ||| Stepping ~*~*~tactically~*~*~ (hiding).
  2643 | D:3      | 2643 ||| Stepping ~*~*~tactically~*~*~ (hiding).
  2677 | D:3      | Killed Ijyb
  2678 | D:3      | Reached skill level 5 in Axes
  2678 | D:3      | Reached XP level 5. HP: 37/41 MP: 6/6
  2915 | D:3      | Found a large runed translucent door.
  2915 | D:3      | Found a large runed translucent door.
  2961 | D:3      | Found Gaboceng's Book Emporium.
  3229 | D:3      | Identified the +0 robe of Eta Kelo {Drain rC++ Dex+6}
  3252 | D:3      | 3252 ||| DROPPING scarf of harm.
  3253 | D:3      | 3253 ||| UPGRADING to +4 ring of protection.
  3254 | D:3      | 3254 ||| READING scroll labelled ERITE SELEZO.
  3255 | D:3      | 3255 ||| READING scroll labelled COKKITTURO.
  3313 | D:4      | 3313 ||| FLEEEEING.
  3314 | D:4      | 3314 ||| STAIRDANCE
  3411 | D:4      | 3411 ||| Stepping ~*~*~tactically~*~*~ (stealth).
  3413 | D:4      | 3413 ||| INVOKING Fiery Armour.
  3433 | D:4      | 3433 ||| Stepping ~*~*~tactically~*~*~ (stealth).
  3479 | D:4      | Reached XP level 6. HP: 47/47 MP: 7/7
  3495 | D:4      | Noticed Menkaure
  3496 | D:4      | 3496 ||| Stepping ~*~*~tactically~*~*~ (hiding).
  3500 | D:4      | Killed Menkaure
  3501 | D:4      | Reached skill level 6 in Axes
  3542 | D:4      | Noticed Sigmund
  3555 | D:4      | Killed Sigmund
  3556 | D:4      | Reached XP level 7. HP: 46/55 MP: 8/8
  3668 | D:4      | 3668 ||| Stepping ~*~*~tactically~*~*~ (hiding).
  3695 | D:4      | Reached skill level 1 in Dodging
  3770 | D:4      | Found a large runed translucent door.
  3770 | D:4      | Found a large runed translucent door.
  3892 | D:4      | 3892 ||| Stepping ~*~*~tactically~*~*~ (stealth).
  3898 | D:4      | 3898 ||| Stepping ~*~*~tactically~*~*~ (stealth).
  3899 | D:4      | 3899 ||| Stepping ~*~*~tactically~*~*~ (stealth).
  3901 | D:4      | 3901 ||| Stepping ~*~*~tactically~*~*~ (stealth).
  3903 | D:4      | 3903 ||| Stepping ~*~*~tactically~*~*~ (hiding).
  3997 | D:4      | Found a large runed translucent door.
  3998 | D:4      | Found a large runed translucent door.
  4066 | D:4      | Reached skill level 7 in Axes
  4444 | D:4      | 4444 ||| UPGRADING to +3 scale mail of cold resistance.
  4454 | D:4      | 4454 ||| UPGRADING to +6 ring of dexterity.
  4455 | D:4      | 4455 ||| READING 3 scrolls of identify.
  4455 | D:4      | 4455 ||| IDENTIFYING sedimented emerald potion
  4456 | D:4      | 4456 ||| READING 2 scrolls of identify.
  4456 | D:4      | 4456 ||| IDENTIFYING white potion
  4457 | D:4      | 4457 ||| DROPPING potion of attraction.
  4458 | D:4      | 4458 ||| DROPPING potion of brilliance.
  4467 | D:5      | Entered Level 5 of the Dungeon
  4470 | D:5      | 4470 ||| STAIRDANCE
  4477 | D:4      | Reached XP level 8. HP: 54/61 MP: 9/9
  4649 | D:5      | Found an iron altar of Okawaru.
  4703 | D:5      | 4703 ||| Stepping ~*~*~tactically~*~*~ (stealth).
  4843 | D:5      | Reached skill level 8 in Axes
  4951 | D:5      | 4951 ||| Stepping ~*~*~tactically~*~*~ (stealth).
  4952 | D:5      | 4952 ||| Stepping ~*~*~tactically~*~*~ (stealth).
  5051 | D:5      | Identified the +11 sling of Winter {freeze, Contam rPois
                  | Int+6}
  5500 | D:5      | 5500 ||| DROPPING orb of guile.
  5501 | D:5      | 5501 ||| UPGRADING to +4 ring of evasion.
  5503 | D:5      | 5503 ||| DROPPING +6 ring of dexterity.
  5504 | D:5      | 5504 ||| READING scroll labelled NACINO TUAGRA.
  5552 | D:6      | Found an ornate altar of the Wu Jian Council.
  5647 | D:6      | Reached skill level 9 in Axes
  5850 | D:6      | Noticed a yak
  5851 | D:6      | 5851 ||| INVOKING Fiery Armour.
  5862 | D:6      | Reached skill level 6 in Fighting
  5862 | D:6      | Reached XP level 9. HP: 47/70 MP: 10/10
  5872 | D:6      | Reached skill level 10 in Axes
  6138 | D:6      | Found a runed translucent gate.
  6138 | D:6      | Found a runed translucent gate.
  6139 | D:6      | Found a runed translucent gate.
  6140 | D:6      | Noticed qw's ghost (novice TrCA)
  6172 | D:6      | Found Wauwno's Antique Armour Boutique.
  6187 | D:6      | 6187 ||| SHOPLISTING plate armour (483 gold, have 206).
  6363 | D:6      | Found a staircase to the Ecumenical Temple.
  6543 | D:6      | Found a basalt altar of Yredelemnul.
  6549 | D:6      | Found an opulent altar of Gozag.
  6554 | D:6      | Found a sacrificial altar of Ru.
  6609 | D:6      | 6609 ||| DROPPING ring of magical power.
  6610 | D:6      | 6610 ||| READING scroll labelled ELINLA OGUFOSO.
  6611 | D:6      | 6611 ||| DRINKING 3 metallic purple potions.
  6612 | D:6      | 6612 ||| READING 3 scrolls of identify.
  6612 | D:6      | 6612 ||| IDENTIFYING bubbling sapphire potion
  6613 | D:6      | 6613 ||| READING 2 scrolls of identify.
  6613 | D:6      | 6613 ||| IDENTIFYING coppery potion
  6614 | D:6      | 6614 ||| DROPPING potion of degeneration.
  6685 | D:7      | 6685 ||| Stepping ~*~*~tactically~*~*~ (stealth).
  7435 | D:7      | Reached skill level 11 in Axes
  7637 | D:7      | 7637 ||| READING 2 scrolls of identify.
  7637 | D:7      | 7637 ||| IDENTIFYING clear potion
  7681 | D:8      | Reached skill level 3 in Armour
  7832 | D:8      | 7832 ||| INVOKING Fiery Armour.
  7842 | D:8      | Reached skill level 1 in Throwing
  7848 | D:8      | Reached XP level 10. HP: 72/79 MP: 11/11
  8008 | D:8      | 8008 ||| SWAPPING to +2 vorpal hand axe.
  8108 | D:8      | Found a hide-covered altar of Uskayaw.
  8108 | D:8      | Noticed a +0 short sword
  8108 | D:8      | Noticed a +0 spear
  8109 | D:8      | 8109 ||| Stepping ~*~*~tactically~*~*~ (stealth).
  8110 | D:8      | 8110 ||| Stepping ~*~*~tactically~*~*~ (stealth).
  8112 | D:8      | 8112 ||| Stepping ~*~*~tactically~*~*~ (stealth).
  8117 | D:8      | 8117 ||| Stepping ~*~*~tactically~*~*~ (stealth).
  8125 | D:8      | Reached skill level 12 in Axes
  8134 | D:8      | 8134 ||| INVOKING Fiery Armour.
  8342 | D:8      | Noticed a +0 dagger
  8342 | D:8      | Noticed a +0 spear
  8344 | D:8      | Noticed a +0 short sword
  8345 | D:8      | Noticed a +0 dagger
  8346 | D:8      | Noticed a +0 falchion
  8347 | D:8      | Noticed a +0 falchion
  8412 | D:8      | 8412 ||| Stepping ~*~*~tactically~*~*~ (stealth).
  8630 | D:8      | 8630 ||| Stepping ~*~*~tactically~*~*~ (hiding).
  8633 | D:8      | Noticed a komodo dragon
  8652 | D:8      | HP: 20/80 [komodo dragon (24)]
  8653 | D:8      | 8653 ||| DRINKING 2 potions of heal wounds.
  8657 | D:8      | 8657 ||| INVOKING Fiery Armour.
  8660 | D:8      | Killed a komodo dragon
  8964 | D:8      | 8964 ||| SWAPPING to +0 war axe.
  8965 | D:8      | 8965 ||| DROPPING +2 vorpal hand axe.
  8973 | D:8      | 8973 ||| Stepping ~*~*~tactically~*~*~ (hiding).
  9341 | D:8      | Noticed Pikel
  9368 | D:8      | Killed Pikel
  9369 | D:8      | Reached skill level 13 in Axes
  9747 | D:8      | 9747 ||| UPGRADING to +0 kite shield.
  9752 | D:8      | 9752 ||| READING scroll labelled FUCZEPPET TOYR.
  9770 | D:9      | Found a sparkling altar of Nemelex Xobeh.
  9803 | D:9      | Reached skill level 1 in Shields
  9805 | D:9      | 9805 ||| Stepping ~*~*~tactically~*~*~ (stealth).
  9892 | D:9      | Reached skill level 3 in Shields
  9897 | D:9      | Reached XP level 11. HP: 85/86 MP: 12/12
  9902 | D:9      | Noticed a boulder beetle
  9903 | D:9      | 9903 ||| INVOKING Fiery Armour.
  9961 | D:9      | HP: 19/86 [boulder beetle (16)]
  9962 | D:9      | 9962 ||| DRINKING potion of heal wounds.
  9967 | D:9      | HP: 20/84 [boulder beetle (19)]
  9972 | D:9      | HP: 5/84 [boulder beetle (17)]
  9975 | D:9      | Killed a boulder beetle
 10358 | D:9      | 10358 ||| SWAPPING to +1 battleaxe.
 10359 | D:9      | 10359 ||| DROPPING +1 war axe.
 10367 | D:9      | Noticed a boulder beetle
 10368 | D:9      | 10368 ||| Stepping ~*~*~tactically~*~*~ (stealth).
 10370 | D:9      | 10370 ||| Stepping ~*~*~tactically~*~*~ (stealth).
 10371 | D:9      | 10371 ||| INVOKING Fiery Armour.
 10382 | D:9      | HP: 20/85 [water moccasin (2)]
 10383 | D:9      | Slain by a boulder beetle

Levels and vault maps discovered:
D:1:      psy_arrival_fountain, layout_loops_cross
D:2:      layout_rooms
D:3:      layout_basic, jmf_multi_god_temple2,
          nicolae_ecumenical_snake_handling, serial_shops, nicolae_square_shop,
          uniq_ijyb
D:4:      layout_rooms, kennysheep_nub, kennysheep_decorative_pillar,
          grunt_decor_one_mirror, minmay_hollow_rounded_squares, uniq_menkaure,
          uniq_sigmund
D:5:      layout_loops_ring, mainiacjoe_overflow_surrounded_room
D:6:      layout_loops_ring, mainiacjoe_overflow_concentric_impassable,
          minmay_overflow_temple_star_quad, minmay_temple_entry_poolview,
          gammafunk_ghost_necromancy, nicolae_stop_n_shop_1,
          minmay_misc_feat_ornament, minmay_circle_x
D:7:      layout_rooms, enter_bailey_8
D:8:      layout_basic, nicolae_uskayaw_en_pointe, uniq_pikel
D:9:      hangedman_cross_stitches, layout_irregular_city,
          nicolae_overflow_crystal_walls, mainiacjoe_overflow_tiny_flanked,
          lair_entry_dummy, erik_orc_3, uniq_amaemon, uniq_maggie

Skill      XL: |  1  2  3  4  5  6  7  8  9 10 11 |
---------------+----------------------------------+-----
Axes           | 4 5 6 7 9 11 13 | 13.2
Armour         | 1 2 3 |  3.1
Fighting       | 4 6 7 8 |  8.0
Dodging        | 2 |  2.2
Throwing       | 1 |  1.0
Shields        | 4 7 |  7.7
Spellcasting   | |  1.1
Fire Magic     | |  3.0

Action                   |  1- 3 |  4- 6 |  7- 9 | 10-12 || total
-------------------------+-------+-------+-------+-------++-------
Melee: Hand axe          |   117 |   168 |   351 |    74 ||   710
       Punch             |       |     3 |     2 |     1 ||     6
       War axe           |       |       |       |   114 ||   114
       Battleaxe         |       |       |       |    11 ||    11
Throw: Boomerang         |       |       |       |    21 ||    21
Invok: Fiery Armour      |       |     2 |     2 |     4 ||     8
  Use: Scroll            |     3 |     5 |     7 |     1 ||    16
       Potion            |     1 |       |     1 |     2 ||     4
Armor: Robe              |    15 |       |       |       ||    15
       Chain mail        |    27 |    82 |    34 |       ||   143
       Scale mail        |       |       |   133 |    52 ||   185
Dodge: Dodged            |    59 |    45 |   193 |   101 ||   398
Block: Kite shield       |       |       |       |    25 ||    25

Table legend:
 A = Non-vault XP
 B = Vault XP
 C = Vault XP percentage of total XP
 D = Non-vault monster count
 E = Vault monster count
 F = Vault count percentage of total count
                 A         B        C        D         E       F
            +---------+---------+-------+---------+---------+-------
      Total |    5757 |    3568 |  38.3 |     148 |      31 |  17.3
            +---------+---------+-------+---------+---------+-------
        D:1 |      46 |       0 |   0.0 |      20 |       0 |   0.0
        D:2 |      35 |       0 |   0.0 |      15 |       0 |   0.0
        D:3 |      60 |      57 |  48.7 |      20 |       6 |  23.1
        D:4 |     295 |     526 |  64.1 |      25 |      10 |  28.6
        D:5 |     513 |       0 |   0.0 |      14 |       0 |   0.0
        D:6 |     441 |     637 |  59.1 |       5 |       8 |  61.5
        D:7 |     945 |       0 |   0.0 |       8 |       0 |   0.0
        D:8 |    2914 |     641 |  18.0 |      34 |       1 |   2.9
        D:9 |     508 |    1707 |  77.1 |       7 |       6 |  46.2
            +---------+---------+-------+---------+---------+-------
